 Dungeon Crawl Stone Soup version 0.24-a0-226-gca05e9d (webtiles) character file.

Game seed: 14531295474600337019

117 Inarius the Skirmisher (level 4, 0/35 HPs)
             Began as a Demonspawn Abyssal Knight on Mar 31, 2019.
             Was a Believer of Lugonu.
             Succumbed to a kobold's poison
             ... on level 3 of the Dungeon.
             The game lasted 00:06:28 (3587 turns).

Inarius the Skirmisher (Demonspawn Abyssal Knight)  Turns: 3587, Time: 00:06:29

Health: 0/35       AC:  4    Str: 12    XL:     4   Next: 71%
Magic:  6/6        EV: 11    Int: 14    God:    Lugonu [**....]
Gold:   169        SH:  0    Dex: 13    Spells: 3/3 levels left

rFire    . . .     SeeInvis .   i - +3 dagger
rCold    . . .     Gourm    .   (no shield)
rNeg     . . .     Faith    .   b - +0 leather armour
rPois    .         Spirit   .   (no helmet)
rElec    +         Reflect  .   e - +0 cloak
rCorr    .         Harm     .   (no gloves)
MR       .....                  (no boots)
Stlth    +++.......             (no amulet)
HPRegen  0.11/turn              (no ring)
MPRegen  0.10/turn              (no ring)

@: lethally poisoned (0 -> -2), berserk cooldown
A: nightstalker 1, electricity resistance
a: Depart the Abyss, Bend Space, Renounce Religion


You were on level 3 of the Dungeon.
You worshipped Lugonu.
Lugonu was pleased with you.
You were not hungry.

You visited 1 branch of the dungeon, and saw 3 of its levels.
You visited the Abyss 1 time.

You collected 169 gold pieces.

Inventory:

Hand Weapons
 i - a +3 dagger (weapon)
Armour
 b - a +0 leather armour (worn)
 e - a +0 cloak (worn)
Jewellery
 l - a +3 amulet of reflection {unknown}
Scrolls
 a - a scroll of identify {unknown}
 g - a scroll of enchant weapon {unknown}
Comestibles
 c - 3 rations


   Skills:
 - Level 3.5 Fighting
 * Level 1.6 Short Blades
   Level 2.2 Axes
 + Level 2.4 Armour
 + Level 1.3 Dodging
 * Level 1.5 Stealth
 * Level 2.9 Invocations


You had 3 spell levels left.
You didn't know any spells.
Your spell library was empty.

Dungeon Overview and Level Annotations

Branches:
Dungeon (3/15)

Altars:
Elyvilon


Innate Abilities, Weirdness & Mutations

You are slightly more attuned to the shadows.
You are resistant to electric shocks. (rElec)


Message History

You feel sick.
* * * LOW HITPOINT WARNING * * *
You feel sick.
Found a stone staircase leading up.
There is an open door here.
Things that are here:
a +0 blowgun; 16 poisoned needles
* * * LOW HITPOINT WARNING * * *
You feel sick.
* * * LOW HITPOINT WARNING * * *
You feel sick.
Okay, then.
Okay, then.
Your magical effects are unravelling.
You feel magically purged.
You feel yourself speed up.
You float gracefully downwards.
You feel a little less mighty now.
You feel magically purged.
You die...

.....<.....#
...........+
..........#
#.......#
#.....# #...#
#@# #†# #(#
#####.####
#........#####
...#...........
# ##...#######
##.## #.#


There were no monsters in sight!

Vanquished Creatures
  A gnoll (D:2)
  2 adders (D:3)
  A worm (D:3)
  A dart slug (D:1)
  4 leopard geckos
  An orc (D:3)
  A giant cockroach (D:2)
  12 hobgoblins
  4 jackals (D:1)
  10 kobolds
  2 quokkas (D:3)
  12 bats
  3 frilled lizards
  15 goblins
  5 rats
74 creatures vanquished.

Vanquished Creatures (others)
  2 starspawn tentacles (Abyss:1)
2 creatures vanquished.

Grand Total: 76 creatures vanquished

Notes
Turn   | Place    | Note
-------+----------+-------------------------------------------
     0 | Abyss:1  | Inarius the Demonspawn Abyssal Knight began the quest for
                  | the Orb.
     0 | Abyss:1  | Reached XP level 1. HP: 18/18 MP: 2/2
    28 | Abyss:1  | Noticed a tentacled starspawn
    79 | Abyss:3  | Noticed a large abomination
    79 | Abyss:3  | Noticed a titanic slime creature
    79 | Abyss:3  | Noticed a large abomination
    79 | Abyss:3  | Noticed a floating eye
    79 | Abyss:3  | Noticed a golden eye
    79 | Abyss:3  | Noticed a small abomination
    79 | Abyss:3  | Noticed a titanic slime creature
    79 | Abyss:3  | Noticed a small abomination
    79 | Abyss:3  | Noticed a large abomination
    79 | Abyss:3  | Noticed a large abomination
    79 | Abyss:3  | Noticed a large abomination
    79 | Abyss:3  | Noticed a small abomination
    79 | Abyss:3  | Noticed a large abomination
    79 | Abyss:3  | Noticed a small abomination
    79 | Abyss:3  | Noticed a large abomination
    79 | Abyss:3  | Noticed a large abomination
    80 | D:1      | Escaped the Abyss
   128 | D:1      | Reached * piety under Lugonu
   483 | D:1      | Gained mutation: You are slightly more attuned to the
                  | shadows. [demonic ancestry]
   483 | D:1      | Reached XP level 2. HP: 20/24 MP: 3/3
   747 | D:1      | Reached skill level 1 in Dodging
   884 | D:1      | Reached XP level 3. HP: 29/29 MP: 4/4
   929 | D:1      | Reached ** piety under Lugonu
  1980 | D:2      | Reached skill level 1 in Stealth
  2146 | D:2      | Found a white marble altar of Elyvilon.
  2181 | D:2      | Reached XP level 4. HP: 35/35 MP: 6/6
  2373 | D:3      | Reached skill level 1 in Short Blades
  3572 | D:3      | Gained mutation: You are resistant to electric shocks.
                  | (rElec) [potion of mutation]
  3572 | D:3      | Gained mutation: You are clumsy. (Dex -2) [potion of
                  | mutation]
  3572 | D:3      | Lost mutation: You are clumsy. (Dex -2) [potion of
                  | mutation]
  3584 | D:3      | HP: 1/35 [poisoned by a kobold]
  3587 | D:3      | Succumbed to a kobold's poison

Levels and vault maps discovered:
D:1:      dpeg_arrival_morbid_curiosity, layout_basic
D:2:      layout_rooms, first_ration, elyvilon_altar_3
D:3:      layout_loops_corners, minmay_fractal_squares_5
Abyss:1
Abyss:2
Abyss:3:  hangedman_abyss_rune_macabre_mess

Skill      XL: |  1  2  3  4 |
---------------+-------------+-----
Axes           | 2 |  2.2
Armour         | 2 |  2.4
Dodging        | 1 |  1.3
Stealth        | 1 |  1.5
Short Blades   | 1 |  1.6
Fighting       | |  3.5
Invocations    | |  2.9

Action                   |  1- 3 |  4- 6 || total
-------------------------+-------+-------++-------
Melee: War axe           |    52 |       ||    52
       Dagger            |   112 |    82 ||   194
Invok: Depart the Abyss  |     1 |       ||     1
  Use: Scroll            |     3 |       ||     3
       Potion            |       |     9 ||     9
 Stab: Sleeping          |     6 |     1 ||     7
  Eat: Chunk             |     4 |     5 ||     9
Armor: Leather armour    |    78 |    12 ||    90
Dodge: Dodged            |   127 |    56 ||   183

Table legend:
 A = Non-vault XP
 B = Vault XP
 C = Vault XP percentage of total XP
 D = Non-vault monster count
 E = Vault monster count
 F = Vault count percentage of total count
                 A         B        C        D         E       F
            +---------+---------+-------+---------+---------+-------
      Total |     156 |      12 |   7.1 |      67 |       7 |   9.5
            +---------+---------+-------+---------+---------+-------
        D:1 |      64 |       8 |  11.1 |      35 |       5 |  12.5
        D:2 |      42 |       0 |   0.0 |      19 |       0 |   0.0
        D:3 |      50 |       4 |   7.4 |      13 |       2 |  13.3
            +---------+---------+-------+---------+---------+-------
